 Dungeon Crawl Stone Soup version 0.26-a0-466-g989023bd0d (webtiles) character file.

Game seed: 15779289660398188570

739 Superazbuka the Grave Robber (level 7, 19/52 HPs)
             Began as a Vampire Necromancer on Aug 15, 2020.
             Quit the game on level 2 of the Dungeon.
             The game lasted 00:20:46 (6235 turns).

Superazbuka the Grave Robber (Vampire Necromancer)  Turns: 6235, Time: 00:20:47

Health: 19/52      AC:  3    Str:  7      XL:     7   Next: 46%
Magic:  13/13      EV: 14    Int: 19      God:
Gold:   338        SH:  0    Dex: 10 (15) Spells: 9/14 levels left

rFire    . . .     SeeInvis +   (no weapon)
rCold    . . .     Faith    .   (no shield)
rNeg     . . .     Spirit   .   a - +0 robe
rPois    .         Reflect  .   (no helmet)
rElec    .         Harm     .   d - +0 cloak
rCorr    .                      (no gloves)
MR       .....                  (no boots)
Stlth    ++........             (no amulet)
HPRegen  0.37/turn              (no ring)
MPRegen  0.13/turn              (no ring)

@: regenerating quickly
A: fangs 3, see invisible, unbreathing
a: Exsanguinate


You were on level 2 of the Dungeon.
You visited 1 branch of the dungeon, and saw 6 of its levels.

You collected 338 gold pieces.

Inventory:

Armour
 a - a +0 robe (worn)
 d - a +0 cloak (worn)
Jewellery
 k - an uncursed ring of ice
Scrolls
 c - a scroll of blinking {unknown}
 e - 3 scrolls of identify
 h - 2 scrolls of teleportation
 j - a scroll of noise {unknown}
 m - 3 scrolls of amnesia {unknown}
 n - 2 scrolls of magic mapping {unknown}
 p - 2 scrolls of enchant armour {unknown}
 q - a scroll of random uselessness {unknown}
 r - a scroll of remove curse {unknown}
Potions
 b - a potion of flight {unknown}
 f - 2 potions of brilliance
 g - a potion of invisibility {unknown}
 i - a potion of magic {unknown}
 l - 2 potions of curing
 o - 3 potions of degeneration


   Skills:
 + Level 3.5 Fighting
 + Level 4.9 Dodging
 - Level 3.0 Stealth
 + Level 4.2 Spellcasting
 + Level 6.3 Necromancy


You had 9 spell levels left.
You knew the following spells:

 Your Spells              Type           Power        Failure   Level
a - Pain                  Necr           ####         1%          1
b - Animate Skeleton      Necr           ####..       1%          1
c - Vampiric Draining     Necr           ####......   3%          3

Your spell library contained the following spells:

 Spells                   Type           Power        Failure   Level
 Animate Dead             Necr           ####......   10%         4
 Agony                    Necr           ####....     28%         5


Dungeon Overview and Level Annotations

Branches:
Dungeon (6/15)
 Temple: D:4-7

Altars:
Ashenzari
Elyvilon
Nemelex Xobeh


Innate Abilities, Weirdness & Mutations

Your natural rate of healing is unusually fast.
You have razor-sharp teeth.
You have supernaturally acute eyesight. (SInv)
You can survive without breathing.


Message History

Confirm with . or Enter, or press ? or * to list all spells.
Aiming: Vampiric Draining (dangerous; 3% risk of failure)
Press: ? - help, Shift-Dir - straight line, f - quasit
Aim: a quasit You can't drain life from that!
The quasit closely misses you.
The quasit claws you but does no damage.
The quasit misses you. The quasit closely misses you.
The quasit claws you but does no damage.
The quasit claws you.
You feel clumsy. The quasit bites you.
You feel clumsy. The quasit closely misses you.
The quasit completely misses you.
There is a stone staircase leading up here.
The quasit bites you. The quasit barely misses you. The quasit misses you.
You climb upwards.
There is a stone staircase leading down here.
Are you sure you want to abandon this character and quit the game? (Confirm with "yes".)

##.## #...._..##.###.#.#
##.###
##...#.#.##.###.#.#
.....#
#........##.......#
##.#>#
#.###)#########w###
##.#)###.###.......# #.#
##.........#.#####.###.#
####.###.#.#.#.........#
####.# #.#.#.#.#.#.#.###
.....# #........@5.#.#
########## .#####
###.#.#.#.###.#
#....†.... .#
#.....#.###.# #.#####.##
################.....#
#.# #.#
...............#######
#.# #.##
#...#...#...#..# #.#
#... .....†........_#
#.########
#...#...#...#..# #....#
...............#
####.#####


You could see a quasit.

Vanquished Creatures
  Sigmund (D:4)
  A sky beast (D:3)
  A centaur (D:5)
  A scorpion (D:4)
  A howler monkey (D:4)
  An orc wizard (D:3)
  An iguana (D:4)
  Natasha (thrice) (D:4)
  A hound skeleton (D:4)
  3 gnolls (D:2)
  6 adders
  An ooze (D:4)
  4 worms
  A dart slug (D:1)
  3 leopard geckos
  8 orcs
  2 ball pythons
  6 bats
  3 giant cockroaches
  13 goblins
  11 hobgoblins
  A quokka (D:3)
  4 frilled lizards
  7 kobolds
  6 rats
90 creatures vanquished.

Vanquished Creatures (collateral kills)
  A goblin (D:1)
  A hobgoblin (D:2)
2 creatures vanquished.

Grand Total: 92 creatures vanquished

Notes
Turn   | Place    | Note
-------+----------+-------------------------------------------
     0 | D:1      | Superazbuka the Vampire Necromancer began the quest for the
                  | Orb.
     0 | D:1      | Reached XP level 1. HP: 13/13 MP: 3/3
   649 | D:1      | Reached XP level 2. HP: 16/18 MP: 0/5
   794 | D:1      | Learned a level 1 spell: Animate Skeleton
  1288 | D:2      | Reached skill level 1 in Fighting
  1288 | D:2      | Reached XP level 3. HP: 20/23 MP: 1/6
  1306 | D:2      | Learned a level 3 spell: Vampiric Draining
  1906 | D:2      | Found a shattered altar of Ashenzari.
  2394 | D:2      | Found a sparkling altar of Nemelex Xobeh.
  2430 | D:2      | Reached XP level 4. HP: 31/32 MP: 3/8
  2671 | D:2      | Reached skill level 5 in Necromancy
  3211 | D:3      | Reached XP level 5. HP: 36/38 MP: 2/9
  4150 | D:3      | You fall into a shaft and drop 3 floors!
  4151 | D:6      | Noticed an ogre
  4158 | D:5      | Entered Level 5 of the Dungeon
  4239 | D:5      | Noticed a phantom
  4296 | D:5      | Noticed a sky beast
  4351 | D:4      | Found a white marble altar of Elyvilon.
  4352 | D:4      | Noticed Natasha
  4868 | D:4      | Noticed Sigmund
  5002 | D:3      | Killed a sky beast
  5002 | D:3      | Reached XP level 6. HP: 20/46 MP: 2/11
  5090 | D:4      | Killed Sigmund
  5302 | D:4      | Killed Natasha
  5302 | D:4      | Reached skill level 6 in Necromancy
  5302 | D:4      | Reached XP level 7. HP: 36/52 MP: 5/12
  5388 | D:4      | Noticed Natasha
  5394 | D:4      | Killed Natasha
  5769 | D:4      | Noticed Natasha
  5774 | D:4      | Killed Natasha
  6235 | D:2      | Quit the game

Illustrated notes

Levels and vault maps discovered:
D:1:      lightli_arrival_windingriver, layout_loops_cross
D:2:      layout_loops_cross, lemuel_coloured_pillars_altar, ashenzari_altar_1
D:3:      cheibrodos_greedy_goblins, layout_rooms, serial_bayou,
          serial_bayou_crossing, serial_bayou_lagoon_a, serial_bayou_ford_a,
          serial_bayou_lagoon_b, serial_bayou_pond_b, serial_bayou_shore_b,
          guppyfry_early_lair_pool
D:4:      layout_basic, elyvilon_altar_5, minmay_puff, uniq_sigmund,
          uniq_natasha
D:5:      layout_basic, st_stairs_10
D:6:      layout_loops_ring, ebering_ghost_rock_garden

Skill      XL: |  1  2  3  4  5  6  7 |
---------------+----------------------+-----
Fighting       | 1 2 3 |  3.5
Dodging        | 3 4 |  4.9
Necromancy     | 5 6 |  6.3
Spellcasting   | 3 4 |  4.2
Stealth        | |  3.0

Action                   |  1- 3 |  4- 6 |  7- 9 || total
-------------------------+-------+-------+-------++-------
Melee: Unarmed           |       |    25 |    20 ||    45
       Bite              |       |     5 |       ||     5
 Cast: Pain              |    79 |   152 |    30 ||   261
       Animate Skeleton  |     9 |     7 |     2 ||    18
       Vampiric Draining |     2 |     5 |     3 ||    10
 Abil: Exsanguinate      |     1 |       |       ||     1
       Revivify          |     1 |       |       ||     1
  Use: Scroll            |       |     2 |     2 ||     4
       Potion            |       |       |     1 ||     1
Armor: Robe              |     1 |    19 |    21 ||    41
Dodge: Dodged            |    12 |    95 |    67 ||   174

Table legend: (Time is in decaauts)
 A = Elapsed time spent in this place.
 B = Non-inter-level travel time spent in this place.
 C = Inter-level travel time spent in this place.
 D = Time resting spent in this place.
 E = Time spent auto-exploring this place.
 F = Levels seen in this place.
 G = Mean time per level.
                   A        B        C        D        E       F      G
               +--------+--------+--------+--------+--------+-----+--------+
         Total |   6308 |   6080 |    228 |   1890 |   2664 |   6 | 1051.3 |
       Dungeon |   6308 |   6080 |    228 |   1890 |   2664 |   6 | 1051.3 |
               +--------+--------+--------+--------+--------+-----+--------+

Top non-repeatable levels by time:
     D:3: 1901 daAuts
     D:2: 1768 daAuts
     D:1: 1375 daAuts
     D:4: 996 daAuts
     D:5: 258 daAuts
     D:6: 7 daAuts
